 Dungeon Crawl Stone Soup version 0.21.1-1-g345015f (webtiles) character file.

121 Lilu the Conjurer (level 4, 0/24 HPs)
             Began as a Deep Elf Conjurer on July 29, 2018.
             Slain by a gnoll
             ... wielding a +0 halberd
              (16 damage)
             ... on level 3 of the Dungeon.
             The game lasted 00:06:15 (1925 turns).

Lilu the Conjurer (Deep Elf Conjurer)               Turns: 1925, Time: 00:06:18

Health: 0/24       AC:  2    Str:  6    XL:     4   Next: 77%
Magic:  6/10       EV: 13    Int: 20    God:
Gold:   126        SH:  0    Dex: 15    Spells: 2/9 levels left

rFire    . . .     SeeInvis .   p - +0 mace (venom)
rCold    . . .     Gourm    .   (no shield)
rNeg     . . .     Faith    .   a - +0 robe
rPois    .         Spirit   .   (no helmet)
rElec    .         Reflect  .   (no cloak)
rCorr    .         Harm     .   (no gloves)
MR       .....                  (no boots)
Stlth    ++........             (no amulet)
HPRegen  0.08/turn              (no ring)
MPRegen  0.12/turn              (no ring)

@: no status effects
A: no striking features
a: no special abilities


You were on level 3 of the Dungeon.
You were not hungry.

You visited 1 branch of the dungeon, and saw 3 of its levels.

You collected 126 gold pieces.

Inventory:

Hand Weapons
 p - a +0 mace of venom (weapon)
 s - a +2 dagger of protection
Missiles
 h - 34 bolts
 k - 3 tomahawks of returning (quivered)
 l - 7 tomahawks
 n - 21 arrows
 u - 24 stones
Armour
 a - a +0 robe (worn)
Jewellery
 v - an uncursed amulet of rage {unknown}
Scrolls
 d - 2 scrolls of magic mapping {unknown}
 f - a scroll of enchant armour {unknown}
 g - 5 scrolls of identify {unknown}
 i - a scroll of remove curse {unknown}
 o - a scroll of enchant weapon {unknown}
 w - a scroll of fog {unknown}
Potions
 e - a potion of cancellation {unknown}
 j - 2 potions of brilliance {unknown}
 m - a potion of curing {unknown}
 r - a potion of heal wounds {unknown}
 t - a potion of might {unknown}
Books
 b - a book of Conjurations

   Spells                             Type                      Level
   a - Magic Dart                     Conjuration                  1
   b - Searing Ray                    Conjuration                  2
   c - Dazzling Spray                 Conjuration/Hexes            3
   d - Fulminant Prism                Conjuration/Hexes            4
   e - Force Lance                    Conjuration/Translocation    4
   f - Iskenderun's Mystic Blast      Conjuration                  4
Comestibles
 c - 3 rations
 q - 4 chunks of flesh


   Skills:
 - Level 2.4 Dodging
 - Level 2.4 Stealth
 - Level 3.0 Spellcasting
 + Level 6.8 Conjurations


You had 2 spell levels left.
You knew the following spells:

 Your Spells              Type           Power        Failure   Level  Hunger
a - Magic Dart            Conj           ####         1%          1    None
b - Searing Ray           Conj           ####..       1%          2    ##.....
c - Iskenderun's Mystic   Conj           ####....     9%          4    ####...


Dungeon Overview and Level Annotations

Branches:
Dungeon (3/15)

Altars:


Message History

You kill the orc!
The orc throws a tomahawk.
The tomahawk closely misses you.
The orc throws a tomahawk.
The tomahawk barely misses you.
A rat comes into view.
A gnoll comes into view. It is wielding a club.
The gnoll shouts!
The orc hits you with a whip.
Things that are here:
a hand axe; a halberd; an orc corpse You hit the orc.
The orc is poisoned.
The orc is lightly wounded.
The frilled lizard closely misses you. The orc closely misses you.
You hit the orc but do no damage.
The orc is heavily wounded.
The frilled lizard bites you but does no damage.
The gnoll completely misses you. The orc hits you with a whip.
The frilled lizard bites you but does no damage.
The gnoll hits you from afar with a halberd!
Ouch! That really hurt!
You die...

###.## ....#
#.#.# ##
#.##.#.##..+
#...<..(#..#
####<.#....#
#..#.#..#
#..#(#.##
...#@# #
###.#ol.#
#.#g..#
#.#...#
#.r.. #..g##
###.# >.


You could see 2 gnolls, an orc, a frilled lizard and a rat.

Vanquished Creatures
  A gnoll (D:3)
  4 adders (D:2)
  A shadow imp (D:2)
  An ooze (D:1)
  A worm (D:2)
  3 dart slugs (D:1)
  2 orcs (D:3)
  3 giant cockroaches
  14 goblins
  3 hobgoblins
  3 kobolds
  2 quokkas (D:2)
  8 bats
  2 frilled lizards
  5 rats
53 creatures vanquished.

Notes
Turn   | Place    | Note
-------+----------+-------------------------------------------
     0 | D:1      | Lilu the Deep Elf Conjurer began the quest for the Orb.
     0 | D:1      | Reached XP level 1. HP: 10/10 MP: 6/6
   149 | D:1      | Reached XP level 2. HP: 15/15 MP: 6/8
   179 | D:1      | Reached skill level 5 in Conjurations
   445 | D:1      | You fall through a shaft!
   467 | D:2      | Reached XP level 3. HP: 19/19 MP: 7/9
  1121 | D:2      | Reached skill level 6 in Conjurations
  1222 | D:2      | Reached XP level 4. HP: 24/24 MP: 5/10
  1326 | D:2      | Learned a level 2 spell: Searing Ray
  1331 | D:2      | Learned a level 4 spell: Iskenderun's Mystic Blast
  1925 | D:3      | Slain by a gnoll

Skill      XL: |  1  2  3 |
---------------+----------+-----
Conjurations   | 5 6 |  6.8
Dodging        | |  2.4
Stealth        | |  2.4
Spellcasting   | |  3.0

Action                   |  1- 3 |  4- 6 || total
-------------------------+-------+-------++-------
Melee: Club              |     7 |       ||     7
       Mace              |     8 |     8 ||    16
 Cast: Magic Dart        |    54 |    15 ||    69
       Searing Ray       |       |     2 ||     2
  Eat: Chunk             |     1 |     2 ||     3
Armor: Robe              |     7 |     2 ||     9
Dodge: Dodged            |    15 |    11 ||    26
